 Dungeon Sprint DCSS version 0.21.2 (webtiles) character file.

31 Fang the Skirmisher (level 3, -3/26 HPs)
             Began as a Gargoyle Berserker on Sept 27, 2018.
             Was a Priest of Trog.
             Slain by a fire bat (4 damage)
             ... in the Dungeon (Sprint VII: "The Pits").
             The game lasted 00:00:28 (379 turns).

Fang the Skirmisher (Gargoyle Berserker)             Turns: 379, Time: 00:00:28

Health: -3/26      AC:  5    Str: 21    XL:     3   Next: 22%
Magic:  3/3        EV: 12    Int:  7    God:    Trog [***...]
Gold:   0          SH:  0    Dex:  9    Spells: 2/2 levels left

rFire    . . .     SeeInvis .   j - +2 hand axe
rCold    . . .     Gourm    .   (no shield)
rNeg     + . .     Faith    .   b - +0 animal skin
rPois    ∞         Spirit   .   (no helmet)
rElec    +         Reflect  .   (no cloak)
rCorr    .         Harm     .   (no gloves)
MR       .....     NoTele   +   (no boots)
Stlth    +.........             (no amulet)
HPRegen  0.08/turn              (no ring)
MPRegen  0.08/turn              (no ring)

@: berserk cooldown, slowed, very slow
A: negative energy resistance 1, electricity resistance, unbreathing,
petrification resistance, rot immunity, AC +3
a: Berserk, Trog's Hand, Burn Spellbooks, Renounce Religion


You were in the Dungeon.
You worshipped Trog.
Trog was most pleased with you.
You were not hungry.

You visited 1 branch

Inventory:

Hand Weapons
 j - a +2 hand axe (weapon)
Armour
 b - a +0 animal skin (worn)
Scrolls
 i - a scroll of blinking
 k - 3 scrolls of remove curse
 l - a scroll of summoning
Potions
 a - 2 potions of invisibility
 d - a potion of curing
 e - a potion of heal wounds
 f - a potion of haste
 g - 4 potions of magic
 h - 3 potions of berserk rage
Comestibles
 c - 9 rations


   Skills:
 + Level 5.2 Fighting
 + Level 4.3 Axes
 + Level 2.8 Armour
 + Level 2.6 Dodging


You had 2 spell levels left.
You didn't know any spells.

Dungeon Overview and Level Annotations

Branches:
Dungeon (1/1)

Altars:
Cheibriados
Dithmenos
Elyvilon
Fedhas
Gozag
Hepliaklqana
Makhleb
Nemelex Xobeh
Okawaru
Qazlal
Ru
Sif Muna
Trog
Vehumet
Wu Jian
Xom
Yredelemnul
Zin
The Shining One
Beogh
Jiyva
Lugonu


Innate Abilities, Weirdness & Mutations

You are resistant to torment.
Your stone body is resilient. (AC +3)
You are immune to poison.
You resist negative energy. (rN+)
You are resistant to electric shocks. (rElec)
You can survive without breathing.
You are immune to petrification.
You are immune to rotting.


Message History

You are too injured to fight recklessly!
You are too injured to fight recklessly!
You are too injured to fight recklessly!
You are too injured to fight recklessly!
You are too injured to fight recklessly!
You are too injured to fight recklessly!
You are too injured to fight recklessly!
You are too injured to fight recklessly!
The fire bat misses you.
You feel a strong urge to attack something.
The fire bat barely misses you. The fire bat misses you.
You feel your anger nearly subside.
You are no longer berserk.
You are exhausted.
You feel yourself slow down. The fire bat bites you.
* * * LOW HITPOINT WARNING * * *
You are engulfed in flames.
* * * LOW HITPOINT WARNING * * *
The fire bat misses you. The fire bat bites you.
You die...

#.?(.')))'.##......#..#.
##########.##...........
#...........'...........
#+#####'#####......#..#.
#.....##...........
#####†#####'#####++
#.....##.......#
#.....##.......#
###@####.......#
##+#...b.##...<...#
#........##.......#
#........##.......#
###########.......#
#########


You could see a fire bat.

Vanquished Creatures
  2 adders (D)
  An ufetubus (D)
  A leopard gecko (D)
  A giant cockroach (D)
  A goblin (D)
  A quokka (D)
  A leopard gecko zombie (D)
8 creatures vanquished.

Notes
Turn   | Place    | Note
-------+----------+-------------------------------------------
     0 | D        | Fang the Gargoyle Berserker began the quest for the Orb.
     0 | D        | Reached XP level 1. HP: 14/14 MP: 1/1
    23 | D        | Found a bloodstained altar of Trog.
    23 | D        | Found a deep blue altar of Sif Muna.
    23 | D        | Found a viscous altar of Jiyva.
    23 | D        | Found a hazy altar of Hepliaklqana.
    23 | D        | Found an opulent altar of Gozag.
    24 | D        | Found a glowing golden altar of the Shining One.
    24 | D        | Found a glowing silver altar of Zin.
    24 | D        | Found a basalt altar of Yredelemnul.
    24 | D        | Found a shimmering altar of Xom.
    24 | D        | Found an ornate altar of the Wu Jian Council.
    24 | D        | Found a sacrificial altar of Ru.
    24 | D        | Found a stormy altar of Qazlal.
    24 | D        | Found an iron altar of Okawaru.
    24 | D        | Found a sparkling altar of Nemelex Xobeh.
    24 | D        | Found a burning altar of Makhleb.
    24 | D        | Found a blossoming altar of Fedhas.
    24 | D        | Found a white marble altar of Elyvilon.
    24 | D        | Found a shadowy altar of Dithmenos.
    24 | D        | Found a snail-covered altar of Cheibriados.
    26 | D        | Found a radiant altar of Vehumet.
    26 | D        | Found a corrupted altar of Lugonu.
    26 | D        | Found a roughly hewn altar of Beogh.
    68 | D        | Reached skill level 4 in Fighting
    68 | D        | Reached XP level 2. HP: 5/20 MP: 2/2
    72 | D        | Reached ** piety under Trog
   367 | D        | Noticed a fire bat
   371 | D        | Reached *** piety under Trog
   372 | D        | Reached skill level 5 in Fighting
   372 | D        | Reached XP level 3. HP: 26/26 MP: 3/3
   378 | D        | HP: 1/26 [fire bat (6)]
   379 | D        | Slain by a fire bat

Skill      XL: |  1  2 |
---------------+-------+-----
Axes           | 3 4 |  4.3
Fighting       | 4 5 |  5.2
Dodging        | 2 |  2.6
Armour         | |  2.8

Action                   || total
-------------------------++-------
Melee: Hand axe          ||    23
Invok: Berserk           ||     2
Armor: Animal skin       ||     8
Dodge: Dodged            ||    26
